[Event "*** Titled Tuesday Blitz"]
[Site "Chess.com"]
[Date "2020.04.28"]
[Round "2"]
[White "viktorskliarov"]
[Black "Cocaino74"]
[Result "1-0"]
[WhiteElo "2647"]
[BlackElo "2322"]
[TimeControl "180+1"]
[EndTime "10:17:58 PDT"]
[Termination "viktorskliarov won by checkmate"]

1. e4 c5 2. Nf3 Nc6 3. Bb5 g6 4. O-O Bg7 5. Re1 Nf6 6. e5 Nd5 7. Nc3 Nc7 8. Bxc6 bxc6 9. Ne4 Ne6 10. c3 d5 11. exd6 exd6 12. d4 cxd4 13. Nxd4 Nxd4 14.
Nxd6+ Kf8 15. Re8+ Qxe8 16. Nxe8 Kxe8 17. cxd4 Be6 18.
Be3 Kd7 19. d5 Bxd5 20. Bd4 Bxd4 21. Qxd4 Rhe8 22. Rd1 Re7 23. b4 a6 24. h3 Kc7 25.
Qc5 Rd7 26. a4 Be6 27. Rc1 Bd5 28. b5 axb5 29. axb5 Rb8 30. bxc6 Rd6 31. Qa7+ Kc8 32. c7 Ra8 33. Qc5 Rd7 34. Qf8+ Kb7 35. c8=Q+ Rxc8 36. Qxc8+ Kb6 37. Qxd7 Bxg2 38. Qc7+ Kb5 39. Rc5+ Ka4 40.
Qa7+ Kb3 41. Qb6+ Ka2 42. Ra5# 1-0

[Event "*** Titled Tuesday Blitz"]
[Site "Chess.com"]
[Date "2020.04.28"]
[Round "2"]
[White "IljaJoke"]
[Black "Hippotaner"]
[Result "1-0"]
[WhiteElo "2473"]
[BlackElo "2253"]
[TimeControl "180+1"]
[EndTime "10:17:58 PDT"]
[Termination "IljaJoke won by resignation"]

1. d4 Nf6 2. c4 e6 3. g3 Bb4+ 4. Bd2 a5 5. Bg2 O-O 6. Nf3 b6 7. O-O Bb7 8. Bf4 Be7 9. Nc3 Ne4 10. Qc2 Nxc3 11. Qxc3 Be4 12. Rfe1 d6 13. Rad1 Nd7 14. Bh3 Qb8 15. Nd2 Bf5 16. Bg2 Ra7 17. e4 Bg6 18.
Nf3 b5 19. b3 b4 20. Qc1 a4 21. h4 axb3 22. axb3 Ra2 23. Rd2 Qa7 24. Bg5 Bxg5 25.
Nxg5 c5 26. d5 exd5 27. exd5 Ne5 28. Rxa2 Qxa2 29. Qe3 h6 30. Ne4 Bxe4 31. Bxe4 f5 32. Bb1 Qb2 33. f4 Ng4 34. Qe6+ Kh8 35. Qe2 Qxb3 36.
Kg2 g6 37. h5 Kg7 38. hxg6 Kxg6 39. Bxf5+ Rxf5 40. Qxg4+ Rg5 41. fxg5 Qb2+ 42. Re2 Qd4 43. Qxd4 cxd4 44. gxh6 Kxh6 45. Rb2 Kg5 46. Kf3 Kf5 47. Rxb4 Ke5 48. Rb6 d3 49. Ke3 d2 50. Kxd2 Kd4 51. Rxd6 Kxc4 52. Rd8 Kc5 53. g4 Kb6 54. g5 Kb7 55. Rf8 Kc7 56. g6 Kd6 57. g7 Ke5 58. g8=Q 1-0

[Event "*** Titled Tuesday Blitz"]
[Site "Chess.com"]
[Date "2020.04.28"]
[Round "2"]
[White "APOKALIPSA13"]
[Black "csati17"]
[Result "0-1"]
[WhiteElo "2198"]
[BlackElo "2462"]
[TimeControl "180+1"]
[EndTime "10:17:58 PDT"]
[Termination "csati17 won by resignation"]

1. d4 Nf6 2. Nc3 e6 3. e4 d5 4. Bg5 dxe4 5. Nxe4 Be7 6. Nxf6+ gxf6 7. Bf4 a6 8. Bd3 b5 9. c3 Bb7 10. Nf3 c5 11.
Qe2 Qa5 12. dxc5 Nd7 13. b4 Qa3 14. Qc2 Rg8 15. Bc1 Qa4 16. Qe2 Rxg2 17. Nh4 Ne5 18. Bc2 Qxc2 19. Qxc2 Rg4 20. Qxh7 O-O-O 21. Be3 Rxh4 22.
Qxh4 Nf3+ 23. Ke2 Nxh4 24. Rhg1 Bf3+ 25. Ke1 f5 26. Bf4 Ng2+ 27. Rxg2 Bxg2 28. Ke2 Kb7 29. Bg3 Bf6 30. a4 Bxc3 31. Rb1 Be4 32. Rb3 Rd2+ 33.
Ke3 Rd3+ 34. Kf4 Bd2+ 35. Ke5 Rxb3 36. Kf6 Rxb4 37. axb5 axb5 0-1

[Event "*** Titled Tuesday Blitz"]
[Site "Chess.com"]
[Date "2020.04.28"]
[Round "2"]
[White "keepitcool9499"]
[Black "maciek_92"]
[Result "1-0"]
[WhiteElo "2459"]
[BlackElo "2673"]
[TimeControl "180+1"]
[EndTime "10:17:59 PDT"]
[Termination "keepitcool9499 won by resignation"]

1. d4 Nf6 2. c4 e6 3. Nc3 Bb4 4. Bd2 O-O 5. Nf3 d5 6. e3 c6 7.
Bd3 Nbd7 8. a3 Bd6 9. O-O e5 10. dxe5 Nxe5 11. Nxe5 Bxe5 12. cxd5 Bxh2+ 13. Kxh2 Ng4+ 14. Kg3 h5 15. f4 cxd5 16. Rh1 g6 17. Ne2 Re8 18.
Nd4 Qf6 19. Qf3 Nh6 20. Rae1 Bg4 21. Qxd5 Rad8 22. Qg5 Qg7 23. Bc3 Qf8 24. Bxg6 f6 25. Qb5 Re7 26. Bxh5 Qg7 27. Kf2 Be6 28. Bf3 a6 29.
Qh5 Kh7 30. Nxe6 Rxe6 31. Qxh6+ Qxh6 32. Rxh6+ Kxh6 33. Rh1+ Kg6 34. g4 f5 35. gxf5+ Kxf5 36.
Rh5+ Kg6 37. f5+ Kf7 38. fxe6+ Kxe6 39. Re5+ Kd6 1-0

[Event "*** Titled Tuesday Blitz"]
[Site "Chess.com"]
[Date "2020.04.28"]
[Round "2"]
[White "Azatic"]
[Black "garicradomir"]
[Result "0-1"]
[WhiteElo "2656"]
[BlackElo "2338"]
[TimeControl "180+1"]
[EndTime "10:17:59 PDT"]
[Termination "garicradomir won by checkmate"]

1. d4 Nf6 2. c4 c5 3. d5 b5 4. cxb5 a6 5. bxa6 e6 6. dxe6 fxe6 7. Nf3 d5 8. e3 Bd6 9. Nc3 O-O 10. Bd3 Nxa6 11.
O-O Bb7 12. a3 Kh8 13. Ng5 Qe7 14. b3 e5 15. Bb2 e4 16. Be2 Rad8 17. Nb5 Bb8 18. Rc1 Bc8 19. Kh1 h6 20. Nh3 Bxh3 21.
gxh3 Be5 22. Bxe5 Qxe5 23. Bg4 d4 24. exd4 cxd4 25. Rc6 Qxb5 26. Qc1 Nxg4 27. hxg4 e3 28. a4 Qe2 29. Rc2 d3 30. Rxe2 dxe2 31. Kg2 exf1=Q+ 32. Kxf1 Rxf2+ 33. Kg1 Rdf8 34. Qc4 e2 35. Qe4 Rf1+ 36. Kg2 e1=Q 37. Qxe1 Rxe1 38. b4 Rb1 39. b5 Nc5 40. a5 Rxb5 41. a6 Ra5 42. a7 Rxa7 43. g5 Ra4 44.
gxh6 Rb8 45. hxg7+ Kg8 46. Kg3 Rb3+ 47. Kg2 Ra2+ 48.
Kf1 Rb1# 0-1

[Event "*** Titled Tuesday Blitz"]
[Site "Chess.com"]
[Date "2020.04.28"]
[Round "2"]
[White "Future2700"]
[Black "monstertube"]
[Result "1-0"]
[WhiteElo "2418"]
[BlackElo "2148"]
[TimeControl "180+1"]
[EndTime "10:17:59 PDT"]
[Termination "Future2700 won on time"]

1. e4 e5 2. Nf3 Nf6 3. Nxe5 d6 4. Nf3 Nxe4 5. Nc3 Nxc3 6. dxc3 Be7 7. Be3 Nd7 8. Qd2 O-O 9. O-O-O Nc5 10. h4 Ne4 11. Qd4 d5 12. Qxd5 Qxd5 13. Rxd5 Be6 14. Rd4 Nd6 15. Ng5 Bxg5 16. hxg5 Nf5 17. Re4 Nxe3 18.
Rxe3 Bf5 19. Bd3 Bxd3 20. Rxd3 Rfe8 21. Rdh3 h6 22. gxh6 gxh6 23. Rxh6 Kg7 24. Rh7+ Kf6 25. R7h3 Rg8 26. Rf3+ Ke7 27. Re1+ Kf8 28. g3 Rd8 29. Rd3 Re8 30. Rxe8+ Kxe8 31. Kd2 Rh8 32. Re3+ Kd7 33.
Rf3 Ke7 34. c4 Rh1 35. b3 Ra1 36. a4 a5 37. Rf5 b6 38. c5 Rh1 39. cxb6 cxb6 40.
c3 Rh2 41. Kd3 Rh6 42. b4 axb4 43. cxb4 Rh1 44. Kc4 Rb1 45. Kb5 Rb2 46. Rf4 Ra2 47. a5 bxa5 48. bxa5 Rb2+ 49. Ka6 Ke6 50. Ka7 f5 51. a6 Ke5 52. Ka8 Rb1 53. a7 Rb2 54.
Rf3 Rb1 55. Re3+ Kd4 56. Re7 1-0

[Event "*** Titled Tuesday Blitz"]
[Site "Chess.com"]
[Date "2020.04.28"]
[Round "2"]
[White "anon132639"]
[Black "petincash"]
[Result "1-0"]
[WhiteElo "2667"]
[BlackElo "2376"]
[TimeControl "180+1"]
[EndTime "10:18:00 PDT"]
[Termination "anon132639 won on time"]

1. d4 Nf6 2. Nf3 g6 3. c4 Bg7 4. Nc3 O-O 5. e4 d6 6. h3 e5 7.
d5 a5 8. g4 Na6 9. Be3 Nd7 10.
a3 f5 11. gxf5 gxf5 12. exf5 e4 13. Nd4 Ne5 14. Be2 Nc5 15. Rg1 Bxf5 16. Nxf5 Rxf5 17.
Bxc5 dxc5 18. Nxe4 Qh4 19. Qc2 Rf4 20. Ng3 Raf8 21.
O-O-O Kh8 22. Nh5 Bh6 23. Nxf4 Rxf4 24. Kb1 Rxf2 25. Rdf1 Bg7 26. Rxf2 Qxf2 27. Rf1 Qd4 28. Qf5 h6 29. Rf4 Qd2 30. Qc8+ Kh7 31. Qf5+ Kh8 32.
Rf2 1-0

[Event "*** Titled Tuesday Blitz"]
[Site "Chess.com"]
[Date "2020.04.28"]
[Round "2"]
[White "Kobalia"]
[Black "Kopytkin"]
[Result "1-0"]
[WhiteElo "2712"]
[BlackElo "2384"]
[TimeControl "180+1"]
[EndTime "10:18:00 PDT"]
[Termination "Kobalia won on time"]

1. e4 Nf6 2. e5 Nd5 3. d4 d6 4. Nf3 g6 5. Bc4 Nb6 6. Bb3 d5 7. O-O Bg7 8. h3 Nc6 9. c3 f6 10. exf6 exf6 11. Re1+ Kf7 12. a4 Re8 13. Rxe8 Qxe8 14. a5 Nc4 15. Nbd2 N6xa5 16. Ba2 Be6 17. b4 Nxd2 18. Bxd2 Nc4 19. Bf4 Nd6 20. Ne1 Ne4 21.
Qf3 Qc6 22. Rc1 a5 23. Nd3 axb4 24. cxb4 Nc3 25. b5 Qxb5 26. Rxc3 Rxa2 27. Rxc7+ Kg8 28.
Nc5 Ra1+ 29. Kh2 Qe8 30. Rxb7 Ra8 31. Bd6 Bf7 32. Re7 Qd8 33. Nb7 Qb6 34. Rxf7 Ra7 35. Qxd5 Kh8 36. Rd7 Rxb7 37. Rxb7 1-0

[Event "*** Titled Tuesday Blitz"]
[Site "Chess.com"]
[Date "2020.04.28"]
[Round "2"]
[White "LuisFSiles"]
[Black "SirStrateg"]
[Result "1/2-1/2"]
[WhiteElo "2311"]
[BlackElo "2589"]
[TimeControl "180+1"]
[EndTime "10:18:00 PDT"]
[Termination "Game drawn by repetition"]

1. e4 d6 2. Nc3 Nf6 3. f4 c6 4. Nf3 Qa5 5. Be2 e5 6. O-O Be7 7. Kh1 Nbd7 8. Rb1 O-O 9. b4 Qc7 10. b5 Nc5 11. bxc6 bxc6 12. d3 Bg4 13. h3 Bxf3 14. Bxf3 Rab8 15. Rxb8 Rxb8 16. Be3 Qa5 17.
Qd2 Na4 18. Nxa4 Qxa4 19. c4 c5 20. Bd1 Qa3 21. Bb3 Nd7 22. f5 a5 23. Qc1 Qb4 24.
Bd2 Qb6 25. Qa3 Bd8 26. Ba4 Qb2 27. Qc3 Qxc3 28. Bxc3 Nb6 29. Bb5 Nc8 30. a4 Kf8 31. g3 Ne7 32. f6 Ng8 33. fxg7+ Kxg7 34. h4 Nf6 35. Kg2 Ng4 36. Kf3 h5 37. Rg1 Kg6 38.
Bd2 Rb7 39. Bc3 Rb8 40. Rb1 Rb7 41. Rb2 Rb8 42. Bd7 Rxb2 43. Bxb2 Nf6 44. Bb5 Ng4 45. Bc3 Nf6 46. Bb2 Ng4 47. Bc3 Nf6 48. Bb2 1/2-1/2

[Event "*** Titled Tuesday Blitz"]
[Site "Chess.com"]
[Date "2020.04.28"]
[Round "2"]
[White "Sergey85Rodchenkov"]
[Black "Khamrakulov_Djurabek"]
[Result "1/2-1/2"]
[WhiteElo "2546"]
[BlackElo "2815"]
[TimeControl "180+1"]
[EndTime "10:18:02 PDT"]
[Termination "Game drawn by agreement"]

1. e4 c6 2. d4 d5 3. exd5 cxd5 4. Bd3 Nc6 5. c3 Qc7 6. h3 Nf6 7. Nf3 g6 8. Qc2 Bg7 9. Kf1 O-O 10. Nbd2 Bd7 11. Nb3 b6 12. Be3 a5 13. Nbd2 Rfc8 14. Qd1 Bf5 15. Be2 a4 16. a3 Ne4 17. g4 Nxd2+ 18.
Qxd2 Be4 19. Rg1 Na5 20. Re1 Nc4 21. Bxc4 Qxc4+ 22. Kg2 f5 23. Kg3 fxg4 24. hxg4 Rf8 25. Ng5 e5 26. dxe5 h6 27. Nxe4 dxe4 28. Bd4 Rf3+ 29.
Kg2 Qd5 30. Qe2 Rf4 31. Be3 Rf3 32. Bd4 Rf4 33. Be3 Rf7 34. Bd4 e3+ 35. f3 Raf8 36.
Rgf1 Bxe5 37. Qxe3 Bxd4 38. Qxd4 Qxd4 39. cxd4 Rd8 40. Re6 Kg7 41. Rd1 Rfd7 42. Rxb6 Rxd4 43. Rxd4 Rxd4 44. Kg3 g5 45. b3 Rd3 46. Rb7+ Kg6 47.
Rb6+ Kg7 48. bxa4 Rxa3 49. Ra6 Ra2 50. a5 Kh7 51. Ra7+ Kg6 52. a6 Kf6 53. Ra8 Kg6 54.
a7 Kg7 1/2-1/2

[Event "*** Titled Tuesday Blitz"]
[Site "Chess.com"]
[Date "2020.04.28"]
[Round "2"]
[White "Usurpov"]
[Black "levallem"]
[Result "1-0"]
[WhiteElo "2450"]
[BlackElo "2211"]
[TimeControl "180+1"]
[EndTime "10:18:02 PDT"]
[Termination "Usurpov won by resignation"]

1. e4 c5 2. Nf3 Nc6 3. d4 cxd4 4. Nxd4 g6 5. c4 Nf6 6. Nc3 Nxd4 7. Qxd4 d6 8. Be3 Bg7 9. Be2 O-O 10. Qd2 Qa5 11. Rc1 Be6 12. f3 Rfc8 13. b3 a6 14.
Na4 Qxd2+ 15. Kxd2 Nd7 16. g4 f5 17. gxf5 gxf5 18.
Rhg1 Kh8 19. Bd3 Rf8 20. Rxg7 Kxg7 21. Bd4+ Nf6 22. Nb6 Rad8 23. exf5 Bc8 24. Re1 Kf7 25. a4 Rg8 26. Re2 Rg5 27. Bxf6 exf6 28. Nd5 Bxf5 29.
Re7+ Kg6 30. Nf4+ Kh6 31. h4 Rh5 32. Nxh5 Bxd3 33. Kxd3 Kxh5 34. Rxh7+ Kg6 35. Rxb7 Rh8 36. Rb6 Rxh4 37. Rxd6 a5 38. Rd5 Rh3 39. Ke3 Rh1 40.
Rxa5 Rb1 41. Rb5 Kf7 42. a5 Ke6 43. a6 Ra1 44. Rb6+ Ke7 45. b4 Ra3+ 46. Kf4 Rc3 47. c5 f5 48. a7 Ra3 49. Rb7+ Ke6 50. b5 Kd5 51. c6 Kd6 52. Rd7+ Ke6 53. b6 Ra4+ 54.
Kg3 f4+ 55. Kg4 Ra6 1-0

[Event "*** Titled Tuesday Blitz"]
[Site "Chess.com"]
[Date "2020.04.28"]
[Round "2"]
[White "tufferguy"]
[Black "Ashedu66"]
[Result "1-0"]
[WhiteElo "2395"]
[BlackElo "2098"]
[TimeControl "180+1"]
[EndTime "10:18:02 PDT"]
[Termination "tufferguy won on time"]

1. e4 e5 2. Nf3 Nc6 3. d4 exd4 4. Nxd4 Bb4+ 5. c3 Be7 6. Nxc6 bxc6 7. Bd3 Nf6 8. e5 Nd5 9. O-O O-O 10. Qh5 g6 11. Qf3 Bg5 12. Nd2 d6 13. exd6 cxd6 14. Ne4 Bxc1 15.
Raxc1 f5 16. Nd2 Qf6 17. Bc4 Be6 18. Rfe1 Bf7 19. Nb3 Rab8 20. Rcd1 Kg7 21. Nd4 Rxb2 22. Nxc6 Nb6 23. Bxf7 Rxf7 24. Nd4 Re7 25. h3 Nc4 26. Qc6 Ne5 27. Qc8 Qg5 28. Qa8 Rf7 29. Ne6+ Kh6 30.
Nxg5 Kxg5 31. Qd5 f4 32. h4+ Kg4 33. Qxd6 f3 34. g3 1-0

[Event "*** Titled Tuesday Blitz"]
[Site "Chess.com"]
[Date "2020.04.28"]
[Round "2"]
[White "MikaelyanArman"]
[Black "WelshTiger"]
[Result "1-0"]
[WhiteElo "2753"]
[BlackElo "2336"]
[TimeControl "180+1"]
[EndTime "10:18:03 PDT"]
[Termination "MikaelyanArman won on time"]

1. e4 c5 2. Nc3 Nc6 3. Bb5 g6 4. f4 Bg7 5. Nf3 Nd4 6. O-O e6 7. Nxd4 cxd4 8. Ne2 Ne7 9. d3 O-O 10. Ng3 d5 11. Ba4 a6 12. Bb3 b5 13. a4 Bb7 14.
Bd2 f5 15. Bb4 Qd7 16. exd5 Nxd5 17. Bxf8 Ne3 18. Qe2 Bxf8 19. Rf2 Bc5 20. axb5 axb5 21. Rxa8+ Bxa8 22. Qe1 Qc6 23. Qa5 Nxg2 24. Bxe6+ Kg7 25.
Qd8 Qxe6 26. Qxa8 Nh4 27. Qa1 Qe3 28. Qd1 Bd6 29. Nf1 Qe7 30. Qe2 Qb7 31. Ng3 b4 32.
Qe6 Bxf4 33. Kf1 1-0

[Event "*** Titled Tuesday Blitz"]
[Site "Chess.com"]
[Date "2020.04.28"]
[Round "2"]
[White "NIGWAPO"]
[Black "Duhless"]
[Result "0-1"]
[WhiteElo "2594"]
[BlackElo "3105"]
[TimeControl "180+1"]
[EndTime "10:18:04 PDT"]
[Termination "Duhless won by resignation"]

1. Nf3 d5 2. c4 d4 3. b4 c5 4. g3 Nf6 5. Bg2 Qc7 6. O-O e5 7. b5 Bd6 8. d3 Nbd7 9. Bg5 h6 10. Bxf6 Nxf6 11. Nfd2 Bf5 12. a4 Rd8 13. a5 O-O 14. Na3 Qc8 15. Qa4 Rfe8 16. Ne4 Nxe4 17. Bxe4 Bh3 18.
Rfe1 Kh8 19. Nc2 f5 20. Bd5 e4 21. Rad1 e3 22. fxe3 dxe3 23. d4 f4 24. dxc5 Bxc5 25. Bf3 Qf5 26. b6 axb6 27. axb6 Qg5 28. Rd5 Qe7 29.
Red1 Be6 30. Rxd8 Rxd8 31. Rxd8+ Qxd8 32. Kg2 fxg3 33. hxg3 Bxb6 34. Qb3 Qc7 35. Nxe3 Qc5 36. Kf2 Bxc4 37. Qc3 Ba6 38. Qd2 Qd4 39. Qxd4 Bxd4 40. Be4 Kg8 41. Kf3 Bxe3 42. Kxe3 Kf7 43. Kf4 Kf6 44.
Bf3 b5 45. e4 g5+ 46. Ke3 b4 47. Kd4 Ke6 48. Bd1 Ke7 49. Bb3 Bc8 50. Kc5 Be6 51.
Kxb4 Bxb3 52. Kxb3 h5 53. Kc4 h4 54. gxh4 gxh4 55. Kd4 h3 56. Ke3 h2 57. Kf3 h1=Q+ 58. Kf4 Ke6 59. Ke3 Qg1+ 60. Kf4 Kf6 61. Kf3 Ke6 62.
Kf4 Qf2+ 63. Kg4 Ke5 0-1

[Event "*** Titled Tuesday Blitz"]
[Site "Chess.com"]
[Date "2020.04.28"]
[Round "2"]
[White "Rumpel-VK"]
[Black "Angry_Twin"]
[Result "1-0"]
[WhiteElo "2579"]
[BlackElo "2782"]
[TimeControl "180+1"]
[EndTime "10:18:05 PDT"]
[Termination "Rumpel-VK won on time"]

1. e4 c5 2. g3 Nc6 3. Bg2 g6 4. d3 Bg7 5. f4 d6 6. Nf3 Nh6 7. O-O f5 8. c3 O-O 9. Re1 e5 10. fxe5 dxe5 11. Na3 f4 12. gxf4 exf4 13. e5 Be6 14. Nb5 g5 15. h3 Nf5 16. Nd6 h5 17.
Nxb7 Qe7 18. Nd6 g4 19. Bxf4 gxf3 20. Qxf3 Rac8 21. Qxh5 Qd7 22. Nxc8 Qxc8 23. Be4 Nce7 24. Kh2 Bd5 25. Rg1 Qe6 26. Rg5 Qf7 27. Bxd5 Nxd5 28. Qxf7+ Rxf7 29. e6 Rf8 30. Be5 Nde3 31. Rag1 Kh7 32.
Bxg7 Nxg7 33. Rxg7+ Kh6 34. e7 Rf2+ 35. R7g2 Nxg2 36.
Rxg2 1-0

[Event "*** Titled Tuesday Blitz"]
[Site "Chess.com"]
[Date "2020.04.28"]
[Round "2"]
[White "secretsuperstar7"]
[Black "Artem_Koval"]
[Result "1/2-1/2"]
[WhiteElo "2190"]
[BlackElo "2418"]
[TimeControl "180+1"]
[EndTime "10:18:05 PDT"]
[Termination "Game drawn by repetition"]

1. d4 d5 2. c4 e5 3. dxe5 d4 4. a3 Nc6 5. Nf3 Nge7 6. b4 Ng6 7. Bb2 Ngxe5 8. Nxe5 Nxe5 9. e3 Be6 10. Qc2 c5 11.
Qe4 Bd6 12. bxc5 f5 13. Qxd4 Bc7 14. f4 Nxc4 15. Qxg7 Rg8 16. Qd4 Nxb2 17. Qxb2 Ba5+ 18. Nd2 Qd5 19. Qb5+ Kf7 20. Qxa5 Rad8 21. Rd1 Rxg2 22. Bxg2 Qxg2 23. Rf1 Qxh2 24. Rf2 Qh1+ 25. Nf1 Rxd1+ 26. Kxd1 Qe4 27. Nd2 Qxe3 28. Qc7+ Kf8 29. Re2 Bb3+ 30. Nxb3 Qxb3+ 31. Ke1 Qg3+ 32. Kf1 Qf3+ 33. Rf2 Qd1+ 34. Kg2 Qg4+ 35. Kf1 Qd1+ 36. Kg2 Qg4+ 37. Kf1 Qd1+ 1/2-1/2

[Event "*** Titled Tuesday Blitz"]
[Site "Chess.com"]
[Date "2020.04.28"]
[Round "2"]
[White "Popopuiyt"]
[Black "canary2016"]
[Result "1-0"]
[WhiteElo "2355"]
[BlackElo "1856"]
[TimeControl "180+1"]
[EndTime "10:18:05 PDT"]
[Termination "Popopuiyt won by resignation"]

1. d4 d5 2. c4 c6 3. Nf3 Nf6 4. Nc3 e6 5. Bg5 Nbd7 6. e3 Qa5 7.
cxd5 exd5 8. Bd3 Ne4 9. O-O Nxg5 10. Nxg5 Nf6 11. a3 Bd6 12. Rc1 O-O 13. b4 Qd8 14. h3 h6 15. Nf3 Qe7 16. Na4 Rd8 17. Nc5 b6 18. Nb3 Bb7 19. Qd2 Rac8 20. Qb2 Ne4 21.
Ne5 Nf6 22. f4 Nd7 23. Bf5 g6 24. Bxd7 Rxd7 25. Nxd7 Qxd7 26. f5 g5 27. Qe2 Qe7 28. Rfe1 Qe4 29. Qf3 Qe7 30. e4 dxe4 31. Rxe4 Qf6 32.
Rce1 Kf8 33. Qe3 Kg7 34. Re8 Rxe8 35. Qxe8 Qxf5 36. Rf1 Qe6 37. Qxe6 fxe6 38. Kf2 Kf7 39.
Ke3+ Ke7 40. Nd2 Bf4+ 41. Kd3 Kd6 42. Ne4+ Ke7 43. Nd2 Kd6 44. Nc4+ Ke7 45. Re1 Kd7 46. Ne5+ Ke7 47. Ng6+ Kf6 48. Nxf4 gxf4 49. Re4 c5 50. Rxf4+ Kg5 51. g3 cxd4 52. Kxd4 Bd5 53. Ke5 a5 54. Rg4+ Kh5 55. Kf6 1-0

[Event "*** Titled Tuesday Blitz"]
[Site "Chess.com"]
[Date "2020.04.28"]
[Round "2"]
[White "BaMBoMaTTo"]
[Black "ItsCheckM8Mate"]
[Result "1-0"]
[WhiteElo "2631"]
[BlackElo "2259"]
[TimeControl "180+1"]
[EndTime "10:18:06 PDT"]
[Termination "BaMBoMaTTo won by resignation"]

1. d4 Nf6 2. c4 e6 3. Nf3 d5 4. Nc3 Bb4 5. e3 O-O 6. Bd2 b6 7. cxd5 exd5 8. Rc1 a6 9. Bd3 Bb7 10. O-O Nbd7 11. Ne5 Bd6 12. f4 c5 13. Qf3 Re8 14.
Be1 Ne4 15. Nxe4 dxe4 16. Bxe4 Bxe4 17. Qxe4 cxd4 18. exd4 Nf6 19. Qb7 Bxe5 20. dxe5 Ng4 21. Qf3 Qd7 22. Rd1 Qf5 23. h3 Nh6 24. g4 Qe6 25. a3 Rac8 26. Rd6 Qe7 27. Bc3 Qc7 28. Rfd1 b5 29. Rd7 Qc5+ 30. Qf2 Qxf2+ 31. Kxf2 Kf8 32. Ra7 Rc6 33. Rdd7 Rc4 34. Kf3 Kg8 35. Rxa6 g6 36. Rb6 Rc5 37. Rbb7 Rf8 38. Bb4 1-0

[Event "*** Titled Tuesday Blitz"]
[Site "Chess.com"]
[Date "2020.04.28"]
[Round "2"]
[White "Hangar-18"]
[Black "Korchmar_Vasiliy"]
[Result "1-0"]
[WhiteElo "2278"]
[BlackElo "2614"]
[TimeControl "180+1"]
[EndTime "10:18:06 PDT"]
[Termination "Hangar-18 won by resignation"]

1. Nf3 d5 2. b3 Bf5 3. Bb2 e6 4. g3 Nf6 5. Bg2 Be7 6. O-O O-O 7. d3 h6 8. Nbd2 Bh7 9. e3 a5 10. a3 Na6 11. Qe2 Nc5 12. Ne5 c6 13. f4 Nfd7 14.
Ndf3 f6 15. Nxd7 Nxd7 16. Nd4 Nc5 17. b4 e5 18. bxc5 exd4 19. Bxd4 a4 20. Rab1 Qa5 21. Rxb7 Bxc5 22. Qg4 Rf7 23. Rfb1 Bxd4 24. Rxf7 f5 25. Qh5 Bxe3+ 26. Kh1 Qc3 27. Rfb7 Kh8 28. Rb8+ Rxb8 29. Rxb8+ Bg8 30. h4 Bf2 31. Qf7 Qe1+ 32. Kh2 Bxg3+ 33. Kh3 Kh7 34. Qxg8+ Kg6 35. Qe8+ Qxe8 36. Rxe8 Bxf4 37. Re6+ 1-0

[Event "*** Titled Tuesday Blitz"]
[Site "Chess.com"]
[Date "2020.04.28"]
[Round "2"]
[White "kleinebeer98"]
[Black "SCIM"]
[Result "0-1"]
[WhiteElo "2688"]
[BlackElo "2488"]
[TimeControl "180+1"]
[EndTime "10:18:07 PDT"]
[Termination "SCIM won by checkmate"]

1. e4 c5 2. b4 cxb4 3. a3 bxa3 4. d4 g6 5. Nf3 Bg7 6. Bd3 Nf6 7.
O-O d5 8. e5 Ne4 9. Bxa3 O-O 10.
Re1 Nc6 11. Bxe4 dxe4 12. Rxe4 Bf5 13. Re1 Bg4 14. c3 Qd5 15. Nbd2 b5 16. h3 Bf5 17. Bc5 Rfd8 18. Ra6 Bc8 19. Rxc6 Qxc6 20. Bxe7 Re8 21. Bc5 Bb7 22. Ne4 a5 23. Nd6 a4 24. Nxe8 Rxe8 25. Qb1 Bxe5 26. c4 bxc4 27. dxe5 c3 28. Bd4 c2 29.
Qc1 Qc4 30. Ba1 Bxf3 31. gxf3 Rd8 32. e6 fxe6 33. Kg2 Qc5 34. Rxe6 Rd1 35. Qb2 Qg5+ 36. Kh2 Qg1# 0-1

[Event "*** Titled Tuesday Blitz"]
[Site "Chess.com"]
[Date "2020.04.28"]
[Round "2"]
[White "Ekka83"]
[Black "murtas73"]
[Result "1-0"]
[WhiteElo "2370"]
[BlackElo "2594"]
[TimeControl "180+1"]
[EndTime "10:18:07 PDT"]
[Termination "Ekka83 won on time"]

1. e4 e6 2. d4 d5 3. e5 c5 4. c3 Nc6 5. Nf3 Bd7 6. a3 f6 7. exf6 Nxf6 8. Be2 Bd6 9. O-O cxd4 10. Nxd4 O-O 11.
Bg5 e5 12. Nb5 Be6 13. Nxd6 Qxd6 14. Nd2 h6 15. Bxf6 gxf6 16. Ne4 Qe7 17. Ng3 f5 18. f4 e4 19. Kh1 Rad8 20. Qa4 d4 21. cxd4 Rxd4 22.
Qc2 Rfd8 23. Rad1 Qd6 24. Rxd4 Nxd4 25. Qd1 Nb3 26. Nxf5 Qxd1 27. Bxd1 Nd2 28. Nxh6+ Kh7 29. Re1 1-0

[Event "*** Titled Tuesday Blitz"]
[Site "Chess.com"]
[Date "2020.04.28"]
[Round "2"]
[White "IMTominho"]
[Black "wadsy27"]
[Result "1-0"]
[WhiteElo "2805"]
[BlackElo "2531"]
[TimeControl "180+1"]
[EndTime "10:18:08 PDT"]
[Termination "IMTominho won by resignation"]

1. d4 Nf6 2. Bg5 c5 3. Bxf6 gxf6 4. d5 Qb6 5. Qc1 Bh6 6. e3 d6 7. Nf3 Nd7 8. Be2 f5 9. O-O Nf6 10. Rd1 Bd7 11. a4 a6 12. Na3 Qc7 13. Nc4 O-O 14.
a5 Kh8 15. Qd2 Ne4 16. Qe1 Bg7 17. Rab1 Rg8 18. g3 Bf6 19. Bd3 Bb5 20. Nb6 Rae8 21.
Qe2 Bxd3 22. cxd3 Ng5 23. Nxg5 Rxg5 24. Rdc1 e5 25. b4 Reg8 26. bxc5 dxc5 27. Nc4 f4 28.
exf4 exf4 29. Qf3 Bd4 30. d6 Qc6 31. Qxf4 Qd5 32. Qe4 Qf5 33. Qxf5 Rxf5 34. Rc2 h5 35. Rxb7 h4 36. Kg2 hxg3 37. hxg3 Rd5 38. Re2 f5 39. Re6 Bg7 40. d7 f4 41. Re8 Bf6 42. Rbb8 1-0

[Event "*** Titled Tuesday Blitz"]
[Site "Chess.com"]
[Date "2020.04.28"]
[Round "2"]
[White "realmadridtv"]
[Black "Vuk2000"]
[Result "0-1"]
[WhiteElo "2336"]
[BlackElo "2650"]
[TimeControl "180+1"]
[EndTime "10:18:08 PDT"]
[Termination "Vuk2000 won by resignation"]

1. d4 e6 2. c4 Nf6 3. g3 d5 4.
Bg2 Be7 5. Nf3 O-O 6. Bf4 dxc4 7.
Qc2 Nd5 8. Qxc4 Nxf4 9. gxf4 Nc6 10. Nbd2 Bb4 11. e3 Qd6 12. O-O Bxd2 13. Nxd2 Ne7 14. Ne4 Qb6 15. b4 Bd7 16. a4 Nd5 17. Nc5 Rfd8 18. Rfb1 a6 19. f5 Qc6 20. Rc1 b6 21. Nxd7 Qxd7 22. fxe6 Qxe6 23. b5 a5 24. Rc2 Rac8 25.
Rac1 h6 26. Qc6 Qg4 27. Kh1 Nb4 28. Rc3 Nxc6 29. Rxc6 Rd6 30. R6c3 Rg6 31. Rg1 Rd8 32. Rcc1 Qe2 33. Rcf1 Qa2 34. Be4 Rxg1+ 35. Kxg1 Qxa4 36. Bc6 Qc4 37. Re1 Rd6 38. f4 Rxc6 39. bxc6 Qxc6 40.
e4 Qc3 41. Rd1 Qe3+ 0-1

[Event "*** Titled Tuesday Blitz"]
[Site "Chess.com"]
[Date "2020.04.28"]
[Round "2"]
[White "PIwan"]
[Black "WIDBIFS"]
[Result "0-1"]
[WhiteElo "2539"]
[BlackElo "2837"]
[TimeControl "180+1"]
[EndTime "10:18:09 PDT"]
[Termination "WIDBIFS won on time"]

1. c4 Nf6 2. Nc3 g6 3. e4 d6 4. d4 Bg7 5. f3 O-O 6. Bg5 Na6 7.
Qd2 e5 8. d5 c6 9. Nge2 cxd5 10. cxd5 Bd7 11. Nc1 Rc8 12. Nb3 Nc5 13. Nxc5 Rxc5 14.
Be3 Rc8 15. Be2 a6 16. O-O Nh5 17. Rac1 Nf4 18. b4 Qg5 19. g3 Bh3 20. Rfe1 Nxe2+ 21. Nxe2 Qf6 22. Kf2 Qe7 23. Rxc8 Bxc8 24. Rc1 f5 25.
exf5 Bxf5 26. Bh6 Be4 27. Ng1 Bxh6 28. Qxh6 Bxd5 29. Qd2 Bc6 30. Rd1 d5 31. Re1 Qf6 32. Qe3 e4 33. f4 d4 34. Qb3+ Kg7 35. Ne2 e3+ 36. Kg1 Rd8 37. Rd1 Bf3 0-1

[Event "*** Titled Tuesday Blitz"]
[Site "Chess.com"]
[Date "2020.04.28"]
[Round "2"]
[White "Dr-Bassem"]
[Black "claudyna16"]
[Result "1-0"]
[WhiteElo "2805"]
[BlackElo "2531"]
[TimeControl "180+1"]
[EndTime "10:18:09 PDT"]
[Termination "Dr-Bassem won by resignation"]

1. e4 e5 2. Nf3 Nc6 3. Bb5 a6 4. Ba4 d6 5. Bxc6+ bxc6 6. d4 exd4 7. Nxd4 c5 8. Nf3 Bb7 9. Nc3 g6 10. O-O Bg7 11. Re1 Ne7 12. Bf4 O-O 13. e5 d5 14.
Na4 c4 15. Nc5 Rb8 16. Bg5 h6 17. Nxb7 Rxb7 18. Bxe7 Qxe7 19. Qxd5 Rxb2 20. Qxc4 Qe6 21. Qa4 c5 22. a3 Rd8 23. h3 Rd5 24. Re3 g5 25.
Rae1 Rd8 26. h4 g4 27. Nh2 h5 28. Nf1 Qe7 29. g3 Qe6 30. Re4 Rbb8 31. Ne3 Bh6 32.
Nc4 Rd4 33. Rxd4 cxd4 34. Nd6 Qd5 35. Qxa6 Rd8 36. Qd3 Bg7 37. Nf5 Bxe5 38. Ne7+ 1-0